 Dungeon Crawl Stone Soup version 0.31-a0-1074-g0b22e4e0f1 (webtiles) character file.

Game seed: 18091543754813582525

3666 Hubris850 the Covert (level 10, -4/62 (69) HPs)
             Began as a Gnoll Brigand on Nov 29, 2023.
             Was an Elder of Hepliaklqana.
             Slain by a wight
             ... wielding a +3 morningstar of freezing
              (7 damage)
             ... on level 7 of the Dungeon.
             The game lasted 00:22:35 (7629 turns).

Hubris850 the Covert (Gnoll Brigand)                Turns: 7629, Time: 00:22:36

HP:   -4/62 (69)    AC:  6    Str: 11    XL:     10   Next: 12%
MP:   26/26         EV: 14    Int: 15    God:    Hepliaklqana [****..]
Gold: 358           SH:  0    Dex: 13    Spells: 17/19 levels left

rFire   . . .        b - +1 dagger (elec)
rCold   . . .        (no shield)
rNeg    . . .        v - +0 robe
rPois   .            (no helmet)
rElec   .            R - scarf {repulsion}
rCorr   .            m - +2 pair of gloves
SInv    .            n - +0 pair of boots
Will    +....        K - amulet of faith
Stlth   ++++         r - ring of willpower
HPRegen 0.30/turn    L - ring of magical power
MPRegen 0.20/turn

%: repel missiles, faith
@: heavily drained
A: reduced essence, fangs 1, strong nose, distributed training
a: Renounce Religion, Recall Ancestor, Ancestor Identity, Transference, Idealise


You were on level 7 of the Dungeon.
You worshipped Hepliaklqana.
Hepliaklqana was greatly pleased with you.
You visited 1 branch of the dungeon, and saw 8 of its levels.

You collected 358 gold pieces.

Inventory:

Hand Weapons
 a - a +2 dagger of venom
 b - a +1 dagger of electrocution (weapon)
 l - a +2 dagger
 T - a +3 long sword of freezing
Missiles
 d - 17 poisoned darts (quivered)
 e - 10 curare-tipped darts
 H - a throwing net
 J - 3 boomerangs
 N - 4 darts of dispersal
Armour
 c - a +0 cloak
 m - a +2 pair of gloves (worn)
 n - a +0 pair of boots (worn)
 v - a +0 robe (worn)
 R - a scarf of repulsion (worn)
Magical Staves
 B - a staff of air
 M - a staff of fire
Jewellery
 i - a ring of fire
 r - a ring of willpower (left hand)
 K - an amulet of faith (around neck)
 L - a ring of magical power (right hand)
Talismans
 O - a blade talisman
Wands
 q - a wand of digging (14)
 E - a wand of polymorph (20)
 I - a wand of iceblast (17)
 P - a wand of flame (15)
Scrolls
 f - 2 scrolls of vulnerability {unknown}
 g - 10 scrolls of identify {unknown}
 j - 3 scrolls of poison {unknown}
 o - a scroll of amnesia {unknown}
 p - 2 scrolls of teleportation {unknown}
 s - a scroll of fog {unknown}
 t - 4 scrolls of revelation {unknown}
 u - a scroll of immolation {unknown}
 y - 2 scrolls of blinking {unknown}
 A - 2 scrolls of acquirement {unknown}
 D - a scroll of noise {unknown}
 F - a scroll of torment {unknown}
 Q - a scroll of enchant armour {unknown}
Potions
 h - a potion of degeneration {unknown}
 k - 2 potions of mutation {unknown}
 w - a potion of enlightenment {unknown}
 x - a potion of might {unknown}
 z - a potion of brilliance {unknown}
 C - a potion of ambrosia {unknown}
 G - 2 potions of invisibility {unknown}
 S - a potion of attraction {unknown}
 U - a potion of lignification {unknown}


   Skills:
 + Level 6.9 Fighting
 + Level 6.9 Short Blades
 + Level 5.0 Long Blades
 + Level 5.0 Axes
 + Level 5.0 Maces & Flails
 + Level 5.0 Polearms
 + Level 5.0 Staves
 + Level 5.0 Ranged Weapons
 + Level 6.9 Throwing
 + Level 5.0 Armour
 + Level 5.7 Dodging
 + Level 9.4 Stealth
 + Level 5.0 Shields
 + Level 5.0 Unarmed Combat
 + Level 5.0 Spellcasting
 + Level 4.2 Conjurations
 + Level 4.2 Hexes
 + Level 4.2 Summonings
 + Level 4.2 Necromancy
 + Level 4.2 Translocations
 + Level 4.2 Transmutations
 + Level 4.2 Fire Magic
 + Level 4.2 Ice Magic
 + Level 4.2 Air Magic
 + Level 4.2 Earth Magic
 + Level 4.2 Poison Magic
 + Level 5.5 Invocations
 + Level 5.0 Evocations
 + Level 4.6 Shapeshifting


You had 17 spell levels left.
You knew the following spells:

 Your Spells              Type           Power      Damage    Failure   Level
a - Blink                 Tloc           32%        N/A       4%          2

Your spell library contained the following spells:

 Spells                   Type           Power      Damage    Failure   Level
 Dazzling Flash           Conj/Hex       32%        N/A       9%          3
 Hailstorm                Conj/Ice       16%        3d6       9%          3
 Volatile Blastmotes      Fire/Tloc      32%        2d12      9%          3
 Manifold Assault         Tloc           16%        N/A       28%         4
 Summon Ice Beast         Ice/Summ       16%        N/A       28%         4
 Simulacrum               Ice/Necr       8%         N/A       99%         6
 Starburst                Conj/Fire      8%         6d4       99%         6
 Maxwell's Capacitive Co  Air            8%         ∞         100%        8


Dungeon Overview and Level Annotations

Branches:
Dungeon (8/15)             Temple (0/1) D:5
   Lair: D:8-11

Altars:
Hepliaklqana
Okawaru
Ru
Sif Muna
Uskayaw
Yredelemnul

Shops:
D:2 (   D:3 *


Innate Abilities, Weirdness & Mutations

Your life essence is reduced to manifest your ancestor. (-10% HP)
You have very sharp teeth.
Your uncanny sense of smell can sniff out nearby items.
Your experience applies equally to all skills.


Message History

The wight misses you.
The wight hits you with a +0 morningstar!
You barely miss the wight.
The wight is heavily damaged.
You hit the wight.
The wight is severely damaged.
The wight barely misses you. The wight closely misses you.
You barely miss the wight.
The wight is severely damaged.
The wight hits you with a +3 morningstar of freezing.
You feel drained. The wight freezes you. The wight closely misses you.
You closely miss the wight.
The wight is severely damaged.
You closely miss the wight.
The wight is severely damaged.
The wight barely misses you. The wight closely misses you.
You barely miss the wight.
The wight is severely damaged.
The wight misses you. The wight closely misses you.
You completely miss the wight.
The wight is severely damaged.
You hit the wight but do no damage.
The wight is severely damaged.
The wight hits you with a +3 morningstar of freezing!
You feel drained. The wight freezes you.
* * * LOW HITPOINT WARNING * * *
The wight misses you.
You hit the wight.
The wight is almost destroyed.
The wight barely misses you. x2
You hit the wight but do no damage. You bite the wight, but do no damage.
The wight is almost destroyed.
You hit the wight but do no damage.
The wight is almost destroyed.
The wight hits you with a +3 morningstar of freezing!
* * * LOW HITPOINT WARNING * * *
You feel drained.
* * * LOW HITPOINT WARNING * * *
The wight freezes you!
You die...

##..#.# #...........# #.....
##...### #...........# #..#..
##.....## #...........###.##..
#..##...###...............##.#
#.........))..........#...##..
###........##........#####......
#......##.###.......## ##....##
#......#...#..z#[..### ##.....#.
#..##..........@z....###........
###.###..#.....###.....##......#.
#..####....<...##..............##
...##......#...###..#.##...##.###
..##...≈...##..####.####...##.##.
......~≈≈...##.#.##.###..###.....
.~..≈~~≈..#.#.......##...###....#
≈~~~~~....#....##...###..#.#.####
~........#....##.#...##...<>..###


You could see 2 wights.

Vanquished Creatures
  Joseph (D:8)
  A wraith (D:5)
  A steam dragon (D:8)
  An acid dragon (D:8)
  2 water moccasins
  An ice beast (D:6)
  A centaur (D:7)
  A phantom (D:4)
  3 kobold brigands
  7 scorpions
  A wight (D:7)
  A howler monkey (D:5)
  An orc priest (D:6)
  2 gnoll boudas (D:4)
  An iguana (D:6)
  4 orc wizards
  10 gnolls
  11 adders
  A white imp (D:6)
  A dart slug (D:1)
  14 orcs
  3 ball pythons
  4 bats
  11 endoplasms
  3 giant cockroaches
  9 goblins
  12 hobgoblins
  4 jackals (D:1)
  A quokka (D:1)
  5 frilled lizards
  15 kobolds
  7 rats
140 creatures vanquished.

Vanquished Creatures (collateral kills)
  A hornet (D:8)
  Sigmund (D:6)
  A water moccasin (D:6)
  A black bear (D:6)
  An ice beast (D:7)
  An orc warrior (D:8)
  A bullfrog (D:6)
  6 wights
  An orc priest (D:6)
  A gnoll bouda (D:8)
  An iguana (D:7)
  An orc wizard (D:7)
  3 gnolls (D:8)
  2 white imps (D:7)
  7 orcs
  3 kobolds
32 creatures vanquished.

Grand Total: 172 creatures vanquished

Notes
Turn   | Place    | Note
-------+----------+-------------------------------------------
     0 | D:1      | Hubris850 the Gnoll Brigand began the quest for the Orb.
     0 | D:1      | Reached XP level 1. HP: 20/20 MP: 1/1
   240 | D:1      | Reached XP level 2. HP: 26/26 MP: 2/2
   532 | D:1      | Found a faded altar of an unknown god.
   708 | D:1      | Reached XP level 3. HP: 31/31 MP: 3/3
   932 | D:2      | Reached skill level 1 in Invocations
   985 | D:2      | Reached skill level 1 in Long Blades
   985 | D:2      | Reached skill level 1 in Axes
   985 | D:2      | Reached skill level 1 in Maces & Flails
   985 | D:2      | Reached skill level 1 in Polearms
   985 | D:2      | Reached skill level 1 in Staves
   985 | D:2      | Reached skill level 1 in Ranged Weapons
   985 | D:2      | Reached skill level 1 in Armour
   985 | D:2      | Reached skill level 1 in Shields
   985 | D:2      | Reached skill level 1 in Unarmed Combat
   985 | D:2      | Reached skill level 1 in Spellcasting
   985 | D:2      | Reached skill level 1 in Evocations
  1047 | D:2      | Reached skill level 1 in Shapeshifting
  1047 | D:2      | Reached XP level 4. HP: 32/38 MP: 5/5
  1190 | D:2      | Reached skill level 1 in Conjurations
  1190 | D:2      | Reached skill level 1 in Hexes
  1190 | D:2      | Reached skill level 1 in Summonings
  1190 | D:2      | Reached skill level 1 in Necromancy
  1190 | D:2      | Reached skill level 1 in Translocations
  1190 | D:2      | Reached skill level 1 in Transmutations
  1190 | D:2      | Reached skill level 1 in Fire Magic
  1190 | D:2      | Reached skill level 1 in Ice Magic
  1190 | D:2      | Reached skill level 1 in Air Magic
  1190 | D:2      | Reached skill level 1 in Earth Magic
  1190 | D:2      | Reached skill level 1 in Poison Magic
  1419 | D:2      | Found Ycibriank's Weapon Shoppe.
  1679 | D:3      | Found Kerghiob's General Store.
  1742 | D:3      | Reached XP level 5. HP: 43/43 MP: 6/6
  1867 | D:3      | Found a large runed translucent door.
  1868 | D:3      | Found a large runed translucent door.
  2132 | D:3      | Found a sacrificial altar of Ru.
  2323 | D:3      | Found a hazy altar of Hepliaklqana.
  2333 | D:3      | Found a basalt altar of Yredelemnul.
  2346 | D:3      | Became a worshipper of Hepliaklqana the Forgotten
  2437 | D:4      | Found an iron altar of Okawaru.
  2536 | D:4      | Reached skill level 8 in Stealth
  2714 | D:4      | Reached XP level 6. HP: 50/50 MP: 8/8
  2810 | D:4      | Reached skill level 5 in Fighting
  2810 | D:4      | Reached skill level 5 in Short Blades
  2810 | D:4      | Reached skill level 5 in Throwing
  3653 | D:5      | Entered Level 5 of the Dungeon
  3671 | D:5      | Reached * piety under Hepliaklqana
  3677 | D:5      | Reached XP level 7. HP: 50/50 MP: 10/10
  3678 | D:5      | Found a staircase to the Ecumenical Temple.
  3709 | D:5      | Learned a level 2 spell: Blink
  3973 | D:5      | Found a shimmering blue altar of Sif Muna.
  4227 | D:5      | Reached XP level 8. HP: 28/56 MP: 12/12
  4483 | D:5      | Noticed a wraith
  4487 | D:5      | Killed a wraith
  4849 | D:6      | Reached ** piety under Hepliaklqana
  4850 | D:6      | Remembered your ancestor Anedjib as a knight
  5271 | D:6      | Noticed Sigmund
  5283 | D:6      | Killed Sigmund
  5284 | D:6      | Reached XP level 9. HP: 52/62 MP: 14/14
  5516 | D:6      | Reached *** piety under Hepliaklqana
  5566 | D:6      | Found a hide-covered altar of Uskayaw.
  6174 | D:7      | Reached skill level 5 in Dodging
  6227 | D:7      | Reached skill level 9 in Stealth
  6845 | D:8      | Reached skill level 5 in Invocations
  7051 | D:8      | Noticed a hornet
  7058 | D:8      | Killed a hornet
  7111 | D:8      | Reached **** piety under Hepliaklqana
  7150 | D:8      | Noticed Joseph
  7162 | D:8      | Killed Joseph
  7163 | D:8      | Reached XP level 10. HP: 69/69 MP: 17/17
  7285 | D:8      | Reached skill level 5 in Long Blades
  7285 | D:8      | Reached skill level 5 in Axes
  7285 | D:8      | Reached skill level 5 in Maces & Flails
  7285 | D:8      | Reached skill level 5 in Polearms
  7285 | D:8      | Reached skill level 5 in Staves
  7285 | D:8      | Reached skill level 5 in Ranged Weapons
  7285 | D:8      | Reached skill level 5 in Armour
  7285 | D:8      | Reached skill level 5 in Shields
  7285 | D:8      | Reached skill level 5 in Unarmed Combat
  7285 | D:8      | Reached skill level 5 in Spellcasting
  7285 | D:8      | Reached skill level 5 in Evocations
  7629 | D:7      | HP: 3/62 [wight/+3 morningstar of freezing (2)]
  7629 | D:7      | Slain by a wight

Illustrated notes

Levels and vault maps discovered:
D:1:      sevenhm_arrival_forest_fort_large_2, layout_loops_corners,
          shapermc_ecumenical_altar_starsandcircs
D:2:      layout_rooms, serial_shops, shop
D:3:      layout_basic, lemuel_round_altar, jmf_multi_god_temple2, serial_shops,
          nicolae_shop_real_fake_doors, minivault_5, guppyfry_early_orc_mine
D:4:      layout_basic, mainiacjoe_overflow_chevrons
D:5:      layout_loops_corners, nicolae_overflow_crystal_walls,
          minmay_temple_entry_arrows
D:6:      layout_layer_cave, nicolae_uskayaw_dance_hall, uniq_sigmund
D:7:      layout_cave_pools, chequers_serial_rivers_small_a
D:8:      gammafunk_indiana_jones, layout_cave_pools, uniq_joseph,
          uniq_gastronok

Skill      XL: |  1  2  3  4  5  6  7  8  9 10 |
---------------+-------------------------------+-----
Invocations    | 1 2 3 4 5 |  5.5
Long Blades    | 1 2 3 4 5 |  5.0
Axes           | 1 2 3 4 5 |  5.0
Maces & Flails | 1 2 3 4 5 |  5.0
Polearms       | 1 2 3 4 5 |  5.0
Staves         | 1 2 3 4 5 |  5.0
Ranged Weapons | 1 2 3 4 5 |  5.0
Armour         | 1 2 3 4 5 |  5.0
Shields        | 1 2 3 4 5 |  5.0
Unarmed Combat | 1 2 3 4 5 |  5.0
Spellcasting   | 1 2 3 4 5 |  5.0
Evocations     | 1 2 3 4 5 |  5.0
Shapeshifting  | 1 2 3 4 |  4.6
Conjurations   | 1 2 3 4 |  4.2
Hexes          | 1 2 3 4 |  4.2
Summonings     | 1 2 3 4 |  4.2
Necromancy     | 1 2 3 4 |  4.2
Translocations | 1 2 3 4 |  4.2
Transmutations | 1 2 3 4 |  4.2
Fire Magic     | 1 2 3 4 |  4.2
Ice Magic      | 1 2 3 4 |  4.2
Air Magic      | 1 2 3 4 |  4.2
Earth Magic    | 1 2 3 4 |  4.2
Poison Magic   | 1 2 3 4 |  4.2
Dodging        | 3 4 5 |  5.7
Stealth        | 8 9 |  9.4
Fighting       | 5 6 |  6.9
Short Blades   | 5 6 |  6.9
Throwing       | 5 6 |  6.9

Action                     |  1- 3 |  4- 6 |  7- 9 | 10-12 || total
---------------------------+-------+-------+-------+-------++-------
  Melee: Dagger            |    72 |   174 |   183 |    46 ||   475
         Bite              |     2 |    20 |    32 |     6 ||    60
         Punch             |     1 |     1 |     5 |     1 ||     8
         Unarmed           |       |    11 |       |       ||    11
  Throw: Dart              |     1 |    22 |    40 |     1 ||    64
 Invoke: Ancestor Identity |       |     1 |       |       ||     1
         Ancestor Life: Kn |       |       |     1 |       ||     1
         Recall Ancestor   |       |       |     1 |       ||     1
    Use: Potion            |       |     1 |     3 |       ||     4
   Stab: Sleeping          |    13 |    17 |    10 |       ||    40
         Distracted        |       |     1 |     1 |     1 ||     3
 Armour: Robe              |    28 |    47 |   105 |    27 ||   207
         Skin              |       |     5 |       |       ||     5
  Dodge: Dodged            |    27 |    81 |    87 |    34 ||   229
         Repelled          |       |       |     2 |       ||     2

Table legend: (Time is in decaauts)
 A = Elapsed time spent in this place.
 B = Non-inter-level travel time spent in this place.
 C = Inter-level travel time spent in this place.
 D = Time resting spent in this place.
 E = Time spent auto-exploring this place.
 F = Levels seen in this place.
 G = Mean time per level.
                   A        B        C        D        E       F      G
               +--------+--------+--------+--------+--------+-----+--------+
         Total |   7491 |   7322 |    169 |    905 |   5043 |   8 |  936.4 |
       Dungeon |   7491 |   7322 |    169 |    905 |   5043 |   8 |  936.4 |
               +--------+--------+--------+--------+--------+-----+--------+

Top non-repeatable levels by time:
     D:6: 1268 daAuts
     D:7: 1261 daAuts
     D:4: 1254 daAuts
     D:5: 945 daAuts
     D:1: 911 daAuts
     D:3: 867 daAuts
     D:2: 556 daAuts
     D:8: 426 daAuts
